Map: Temple gelé

Players

pupu

  • Race: Protoss Protoss
  • League: Silver

mAniak - Winner!

  • Race: Zerg Zerg
  • League: Gold

VOD

Have the link to the VOD?

Description

Time

  • Played on: April 4, 2016, 1:46 p.m.
  • Length: 13:38
Show
View Real Time Build Order
Export as new Build Order

pupu Protoss 

Build Orders: Nexus First 

Get SALT Encoding   

  12  0:01  Probe (Chrono Boost)  
  13  0:12  Probe (Chrono Boost)  
  14  0:20  Pylon  
  14  0:22  Probe (Chrono Boost)  
  15  0:38  Probe (Chrono Boost)  
  16  0:48  Probe (Chrono Boost)  
  17  1:00  Nexus  
  17  1:10  Gateway  
  17  1:14  Probe (Chrono Boost)  
  18  1:20  Assimilator  
  18  1:25  Assimilator  
  18  1:27  Probe (Chrono Boost)  
  19  1:38  Probe (Chrono Boost)  
  20  1:48  Probe (Chrono Boost)  
  21  1:59  Probe (Chrono Boost)  
  21  2:00  Cybernetics Core  
  22  2:08  Forge  
  22  2:09  Probe (Chrono Boost)  
  22  2:12  Pylon  
  22  2:15  Probe (Chrono Boost)  
  24  2:25  Probe x2 (Chrono Boost)  
  26  2:39  Zealot  
  26  2:43  Photon Cannon  
  28  2:45  Probe x2 (Chrono Boost)  
  30  2:52  Warp Gate (Chrono Boost)  
  30  2:54  Gateway  
  30  2:55  Probe (Chrono Boost)  
  30  2:57  Probe (Chrono Boost)  
  32  3:07  Protoss Ground Weapons Level 1 (Chrono Boost)  
  32  3:13  Adept  
  32  3:17  Probe  
  32  3:18  Probe  
  36  3:26  Pylon  
  36  3:29  Probe  
  36  3:30  Probe  
  38  3:39  Pylon  
  38  3:41  Probe, Adept  
  38  3:42  Probe, Adept  
  44  3:53  Probe  
  44  3:54  Probe  
  46  4:00  Photon Cannon  
  46  4:05  Probe, Pylon  
  47  4:15  Robotics Facility  
  47  4:24  Probe x2  
  47  4:30  Assimilator  
  49  4:32  Assimilator  
  49  4:37  Pylon  
  49  4:39  Pylon  
  49  4:40  Gateway  
  49  4:42  Gateway  
  49  4:44  Gateway  
  49  4:46  Gateway  
  49  4:51  Stargate  
  49  4:54  Pylon  
  49  4:55  Probe x2  
  51  5:03  Protoss Ground Armor Level 1 (Chrono Boost)  
  51  5:07  Adept x2  
  53  5:12  Observer  
  56  5:15  Probe x2  
  58  5:27  Probe x2  
  60  5:31  Photon Cannon  
  60  5:52  Stalker x4  
  60  5:53  Stalker x2  
  72  6:05  Probe x2  
  74  6:20  Gateway x2  
  74  6:23  Probe x2  
  76  6:26  Stalker x5  
  76  6:27  Stalker  
  76  6:31  Pylon  
  88  6:34  Pylon  
  88  6:35  Warp Prism  
  88  6:37  Pylon  
  90  6:58  Stalker x4  
  90  6:59  Stalker x2  
  102  7:16  Twilight Council  
  102  7:19  Gateway  
  102  7:37  Zealot x6  
  114  8:02  Zealot x2  
  108  8:17  Zealot x4  
  84  8:37  Stalker  
  84  8:38  Stalker x3  
  84  8:39  Stalker  
  76  8:58  Stalker  
  76  9:06  Mothership Core  
  76  9:07  Pylon  
  76  9:09  Pylon  
  76  9:12  Pylon  
  75  9:22  Observer  
  72  9:35  Zealot x6  
  72  9:36  Zealot x2  
  85  9:53  Protoss Shields Level 1 (Chrono Boost)  
  85  9:59  Stalker x2  
  89  10:00  Stalker x5  
  89  10:01  Stalker  
  67  10:25  Pylon  
  67  10:27  Pylon  
  63  10:29  Pylon  
  63  10:31  Stalker x4  
  63  10:32  Stalker  
  65  10:44  Stalker x2  
  69  11:07  Zealot x3  
  69  11:08  Zealot x4  
  69  11:32  Zealot, Protoss Ground Armor Level 2 (Chrono Boost)  
  69  11:33  Zealot x6  
  69  11:34  Zealot  
  85  12:10  Nexus  
  85  12:15  Stalker x3  
  91  12:31  Stalker  
  91  12:34  Sentry x2  
  97  12:44  Probe x2  
  99  12:56  Probe x2  
Show
View Real Time Build Order
Export as new Build Order

mAniak Zerg - Winner!

Build Orders: Hatch First, Lurkers 

Get SALT Encoding   

  12  0:05  Drone  
  13  0:09  Drone  
  14  0:15  Extractor  
  14  0:17  Drone  
  14  0:22  Extractor  
  14  0:23  Drone  
  16  0:49  Hatchery  
  15  0:52  Overlord  
  15  1:00  Extractor  
  14  1:10  Spawning Pool  
  13  1:12  Drone  
  13  1:15  Drone  
  15  1:19  Drone  
  15  1:25  Drone  
  17  1:36  Drone  
  18  1:44  Drone  
  19  1:57  Zergling x2  
  20  2:01  Queen  
  20  2:03  Queen  
  20  2:04  Zergling x2  
  20  2:07  Drone  
  26  2:26  Zergling x2  
  26  2:27  Zergling x2  
  28  2:52  Overlord x2, Extractor  
  27  3:00  Drone  
  28  3:13  Hatchery  
  26  3:36  Drone x2  
  26  3:37  Drone  
  26  3:38  Drone x2  
  26  3:39  Roach Warren, Drone  
  31  3:43  Lair  
  31  4:02  Overlord  
  31  4:03  Drone  
  32  4:10  Drone  
  32  4:11  Drone  
  32  4:12  Drone  
  32  4:14  Drone  
  32  4:15  Drone x3  
  39  4:24  Queen  
  39  4:27  Roach x3  
  47  4:39  Spore Crawler  
  46  4:49  Hydralisk Den  
  46  4:51  Drone  
  46  4:52  Drone  
  47  4:53  Queen  
  47  4:55  Drone x4  
  47  4:59  Extractor  
  52  5:00  Overlord  
  52  5:04  Drone  
  52  5:05  Extractor  
  52  5:15  Drone  
  52  5:16  Drone  
  54  5:22  Lurker Den  
  54  5:25  Roach  
  54  5:26  Roach x3  
  62  5:49  Roach  
  64  5:50  Overlord  
  64  5:51  Overlord x2  
  65  6:11  Drone x3  
  65  6:18  Hydralisk x5  
  69  6:19  Hydralisk  
  79  6:26  Overseer  
  79  6:31  Spore Crawler  
  78  6:36  Drone x2  
  80  6:55  Evolution Chamber  
  80  7:00  Spore Crawler  
  78  7:09  Drone x3  
  78  7:10  Drone x3  
  84  7:28  Lurker x5  
  87  7:30  Roach  
  87  7:32  Overlord x3  
  89  7:44  Spine Crawler x2  
  87  7:54  Roach x2  
  87  7:56  Overlord x2  
  89  8:16  Roach x11  
  103  9:15  Hydralisk x2  
  107  9:19  Overlord x4  
  107  9:42  Hatchery  
  106  9:50  Hydralisk x8  
  87  10:15  Hydralisk  
  87  10:16  Hydralisk x2  
  76  10:34  Hydralisk x2  
  75  10:48  Lurker  
  75  10:49  Lurker x5  
  70  11:52  Hatchery  
  69  12:11  Hydralisk x3  
  74  12:24  Overlord  
  74  12:51  Hydralisk  
  74  12:52  Hydralisk x3  
Tags
 
Add a new tag
Caveats
  • Supply blocks, unpowered buildings, or Contaminate may cause inaccurate times.
  • Supply counts are checked every 10 seconds.